 Dungeon Crawl Stone Soup version 0.28.0-43-g3370ac3207 (webtiles) character file.

Game seed: 2990934890762619632

396 Peloso the Covered (level 6, -1/56 HPs)
             Began as a Minotaur Fighter on Mar 28, 2022.
             Was an Initiate of Okawaru.
             Succumbed to a scorpion's poison
             ... on level 5 of the Dungeon.
             The game lasted 00:06:53 (3404 turns).

Peloso the Covered (Minotaur Fighter)               Turns: 3404, Time: 00:06:53

Health: -1/56      AC:  4    Str: 21    XL:     6   Next: 52%
Magic:  5/5        EV:  7    Int:  5    God:    Okawaru [......]
Gold:   241        SH:  7    Dex: 11    Spells: 5/5 levels left

rFire   . . .      SeeInvis .   a - +0 long sword
rCold   . . .      Faith    .   c - +2 buckler {reflect}
rNeg    . . .      Spirit   .   j - +0 chain mail
rPois   .          Reflect  +   (helmet restricted)
rElec   .          Harm     .   x - +1 cloak {Stlth+}
rCorr   .          Rampage  .   (no gloves)
Will    .....                   (no boots)
Stlth   ..........              (no amulet)
HPRegen 0.18/turn               (no ring)
MPRegen 0.09/turn               (no ring)

@: lethally poisoned (-1 -> -25), corroded
A: horns 2, retaliatory headbutt
a: Renounce Religion


You were on level 5 of the Dungeon.
You worshipped Okawaru.
Okawaru was noncommittal.
You visited 2 branches of the dungeon, and saw 6 of its levels.

You collected 241 gold pieces.

Inventory:

Hand Weapons
 a - a +0 long sword (weapon)
Armour
 b - a +0 scale mail
 c - a +2 buckler of reflection (worn)
 j - a +0 chain mail (worn)
 x - a +1 cloak of stealth (worn)
Jewellery
 g - a ring of see invisible
Wands
 v - a wand of flame (18)
Scrolls
 e - 4 scrolls of identify {unknown}
 i - a scroll of amnesia {unknown}
 k - 2 scrolls of fog {unknown}
 l - 2 scrolls of teleportation {unknown}
 n - 2 scrolls of vulnerability {unknown}
 o - a scroll of fear {unknown}
 q - a scroll of summoning {unknown}
 s - 3 scrolls of enchant weapon {unknown}
 u - a scroll of immolation {unknown}
 y - a scroll of enchant armour {unknown}
Potions
 d - a potion of might
 h - a potion of brilliance {unknown}
 m - a potion of cancellation {unknown}
 p - a potion of resistance {unknown}
 r - a potion of ambrosia {unknown}
 t - a potion of degeneration {unknown}
 w - a potion of flight {unknown}
 z - 2 potions of curing {unknown}


   Skills:
 + Level 5.3 Fighting
 + Level 5.4 Long Blades
 + Level 5.6 Armour
 + Level 0.7 Dodging
 + Level 0.1 Stealth
 + Level 4.4 Shields


You had 5 spell levels left.
You didn't know any spells.
Your spell library contained the following spells:

 Spells                   Type           Power      Damage    Failure   Level
 Apportation              Tloc           0%         N/A       99%         1
 Dazzling Flash           Conj/Hex       0%         N/A       100%        3
 Iskenderun's Mystic Bla  Conj/Tloc      0%         2d3       100%        4
 Alistair's Intoxication  Tmut/Pois      0%         N/A       100%        5
 Starburst                Conj/Fire      0%         6d3       100%        6


Dungeon Overview and Level Annotations

Branches:
Dungeon (5/15)             Temple (1/1) D:4

Altars:
Cheibriados
Dithmenos
Fedhas
Gozag
Kikubaaqudgha
Makhleb
Okawaru
Qazlal
Ru
Sif Muna
Uskayaw
Vehumet
Wu Jian
Yredelemnul


Innate Abilities, Weirdness & Mutations

You have a pair of horns on your head.
You reflexively headbutt those who attack you in melee.


Message History

The scorpion poisons you!
You slash the scorpion!
The scorpion is severely wounded.
You feel sick. The scorpion barely misses you.
The scorpion stings you but does no damage.
You closely miss the scorpion. Your headbutt misses the scorpion.
The scorpion is severely wounded.
You feel sick. The scorpion stings you.
* * * LOW HITPOINT WARNING * * *
You hit the scorpion but do no damage.
The scorpion is severely wounded.
You feel sick.
The scorpion stings you but does no damage.
The scorpion barely misses you.
You closely miss the scorpion.
You headbutt the scorpion, but do no damage.
The scorpion is severely wounded.
You feel sick. The scorpion stings you.
* * * LOW HITPOINT WARNING * * *
You are lethally poisoned!
The scorpion poisons you!
You feel much better.
You feel sick. The scorpion stings you.
You are more poisoned.
The scorpion poisons you!
You hit the scorpion.
The scorpion is almost dead.
You feel very sick. The scorpion stings you.
You are lethally poisoned!
The scorpion poisons you! The scorpion stings you!
* * * LOW HITPOINT WARNING * * *
You closely miss the scorpion.
The scorpion is almost dead.
* * * LOW HITPOINT WARNING * * *
You feel extremely sick. You block the scorpion's attack.
Unknown command.
You closely miss the scorpion. Your headbutt misses the scorpion.
The scorpion is almost dead.
You die...

##..#..........##
###..####.........>
####.#..#
#........#.
##..#....#
##...##..#
####........###
#..## ....
#...#..........###..
...
#.......#######..
... #..#....#.s...#
## ##...#@#.#.#
##....#=# ..
##.#.#.# .# #.#....
# #.##### ##. . . ..


You could see a scorpion.

Vanquished Creatures
  A water moccasin zombie (D:5)
  A jelly (D:5)
  A bullfrog skeleton (D:5)
  Crazy Yiuf (D:3)
  2 iguanas
  2 orc wizards (D:5)
  7 adders
  A howler monkey skeleton (D:5)
  2 worms (D:2)
  5 dart slugs
  4 orcs
  A bat (D:2)
  11 endoplasms
  4 goblins
  7 hobgoblins
  7 kobolds
  3 quokkas
  6 ball pythons
  2 frilled lizards
  2 rats
70 creatures vanquished.

Notes
Turn   | Place    | Note
-------+----------+-------------------------------------------
     0 | D:1      | Peloso the Minotaur Fighter began the quest for the Orb.
     0 | D:1      | Reached XP level 1. HP: 19/19 MP: 0/0
   255 | D:1      | Reached XP level 2. HP: 27/27 MP: 1/1
   707 | D:2      | Reached XP level 3. HP: 21/33 MP: 2/2
   964 | D:2      | Reached XP level 4. HP: 15/41 MP: 3/3
  1545 | D:2      | Found a faded altar of an unknown god.
  1777 | D:3      | Found a runed translucent door.
  1778 | D:3      | Noticed Crazy Yiuf
  1890 | D:3      | Found an ornate altar of the Wu Jian Council.
  2363 | D:3      | Killed Crazy Yiuf
  2364 | D:3      | Reached XP level 5. HP: 22/47 MP: 4/4
  2602 | D:4      | Found a staircase to the Ecumenical Temple.
  2608 | Temple   | Entered the Ecumenical Temple
  2666 | Temple   | Became a worshipper of Warmaster Okawaru
  2991 | D:4      | Noticed an ogre
  3009 | D:5      | Entered Level 5 of the Dungeon
  3046 | D:5      | Reached skill level 5 in Armour
  3184 | D:5      | Reached skill level 5 in Fighting
  3270 | D:5      | Reached XP level 6. HP: 46/56 MP: 5/5
  3282 | D:5      | Reached skill level 5 in Long Blades
  3386 | D:5      | Found the ring of the Octopus King
  3404 | D:5      | Succumbed to a scorpion's poison

Illustrated notes

Levels and vault maps discovered:
D:1:      saegor_arrival_simple_c, layout_rooms
D:2:      layout_rooms, shapermc_ecumenical_altar_ellora, minmay_pentomino_r4
D:3:      layout_loops_ring, lemuel_round_altar, uniq_crazy_yiuf_cottage
D:4:      layout_loops_ring, minmay_temple_entry_wispy
D:5:      layout_cave_pools, lemuel_doored_altar,
          minmay_misc_feat_secret_circle, minmay_checkerbox, uniq_edmund
Temple:   dshaligram_water_room_temple

Skill      XL: |  1  2  3  4  5  6 |
---------------+-------------------+-----
Armour         | 4 5 |  5.6
Fighting       | 4 5 |  5.3
Shields        | 4 |  4.4
Long Blades    | 3 4 5 |  5.4
Dodging        | |  0.7
Stealth        | |  0.1

Action                   |  1- 3 |  4- 6 || total
-------------------------+-------+-------++-------
Melee: Long sword        |    53 |   135 ||   188
       Headbutt          |     4 |    23 ||    27
  Use: Potion            |       |     2 ||     2
Armor: Scale mail        |     8 |       ||     8
       Chain mail        |    27 |    72 ||    99
Dodge: Dodged            |    26 |    37 ||    63
Block: Buckler           |    12 |    24 ||    36
